 Dungeon Crawl Stone Soup version 0.18-a0-1694-g9f731c2 (webtiles) character file.

35 Eucla the Ducker (level 3, -4/18 HPs)
             Began as a Spriggan Gladiator on Apr 5, 2016.
             Killed from afar by Sigmund (5 damage)
             ... with a magic dart
             ... on level 2 of the Dungeon.
             The game lasted 00:01:26 (1119 turns).

Eucla the Ducker (Spriggan Gladiator)               Turns: 1119, Time: 00:01:27

Health: -4/18      AC:  2    Str: 17    XL:     3   Next: 17%
Magic:  4/4        EV: 20    Int:  9    God:
Gold:   66         SH:  0    Dex: 16    Spells: 0 memorised, 2 levels left

rFire  . . .     SeeInvis +     a - +0 trident
rCold  . . .     Gourm    .     b - +0 robe
rNeg   . . .     Faith    .     (shield currently unavailable)
rPois  .         Spirit   .     c - +0 hat
rElec  .         Dismiss  .     (no cloak)
rCorr  .         Reflect  .     (gloves unavailable)
SustAt .         Harm     .     (boots unavailable)
MR     .....                    (no amulet)
Stlth  +.........               (no ring)
                                e - +5 ring of strength

@: lethally poisoned (-4 -> -16), hasted, very quick, not resistant to hostile
enchantments, very unstealthy
A: unfitting armour, see invisible, herbivore 3, speed 3, slow metabolism 2
a: no special abilities


You were on level 2 of the Dungeon.
You were not hungry.

You visited 1 branch of the dungeon, and saw 2 of its levels.

You collected 66 gold pieces.

Inventory:

Hand Weapons
 a - a +0 trident (weapon)
Missiles
 d - 3 throwing nets (quivered)
Armour
 b - a +0 robe (worn)
 c - a +0 hat (worn)
Jewellery
 e - a +5 ring of strength (left hand)
Scrolls
 g - a scroll of magic mapping {unknown}
 h - a scroll of amnesia {unknown}
 k - a scroll of recharging {unknown}
 l - 2 scrolls of blinking {unknown}
 n - 2 scrolls of identify {unknown}
 p - a scroll of teleportation {unknown}
Potions
 m - a potion of berserk rage {unknown}
 o - a potion of lignification {unknown}
 q - a potion of heal wounds {unknown}
Comestibles
 f - 2 bread rations


   Skills:
 * Level 2.3 Fighting
 + Level 2.5 Polearms
 - Level 2.0 Throwing
 + Level 4.9 Dodging


You had 2 spell levels left.
You didn't know any spells.

Dungeon Overview and Level Annotations

Branches:
Dungeon (2/15)

Altars:

Annotations:
D:2 Sigmund


Innate Abilities, Weirdness & Mutations

You are tiny and cannot use many weapons and most armour.
You have supernaturally acute eyesight.
You are a herbivore.
You cover ground extremely quickly.
You need consume almost no food.


Message History

Sigmund is heavily wounded.
* * * LOW HITPOINT WARNING * * *
You feel sick. Sigmund completely misses you.
Unknown command.
* * * LOW HITPOINT WARNING * * *
You feel sick.
Drink which item? (? for menu, Esc to quit)
It was a potion of cure mutation.
It has a very clean taste.
* * * LOW HITPOINT WARNING * * *
You feel sick.
Sigmund points at you and mumbles some strange words.
You resist with some effort.
Unknown command.
Drink which item? (? for menu, Esc to quit)
It was a potion of haste.
You feel yourself speed up.
* * * LOW HITPOINT WARNING * * *
You feel sick. Sigmund gestures at you while chanting. The magic dart hits you!
You die...

#.##.#.#####.....#..<#
#..........#####.#.###
###..#.###.# ##.#.#
#......# #.# ##....#
#.#.#### #.# #.....#
#.#.# #@# #.......#
#.#.# #.# #.....#.#
#.#.# #.# ##....#.#
#.#.# #@# ####.# #
#.#.# #.# #.#
#.#.######.#.# .#
#.........#
##########.# ..> ###


You could see Sigmund.

Vanquished Creatures
  An adder (D:2)
  A dart slug (D:1)
  2 giant geckos
  A ball python (D:1)
  6 goblins (D:1)
  A hobgoblin (D:1)
  3 bats (D:1)
  2 giant newts (D:1)
  2 kobolds (D:1)
  4 rats (D:1)
23 creatures vanquished.

Notes
Turn   | Place    | Note
--------------------------------------------------------------
     0 | D:1      | Eucla the Spriggan Gladiator began the quest for the Orb.
     0 | D:1      | Reached XP level 1. HP: 10/10 MP: 2/2
   114 | D:1      | Reached XP level 2. HP: 12/15 MP: 3/3
   879 | D:2      | Reached XP level 3. HP: 10/18 MP: 4/4
  1107 | D:2      | Noticed Sigmund
  1119 | D:2      | Killed from afar by Sigmund

Vault maps used:
D:1:      minmay_arrival_cross, minivault_26, minmay_misc_feat_pillars,
          roderic_roman_lattice, wad_floor_pattern_2,
          minmay_misc_feat_nine_boxes, serial_park_tiny_2
D:2:      minivault_25, uniq_sigmund

Skill      XL: |  1  2 |
---------------+-------+-----
Fighting       | 2 |  2.3
Polearms       | |  2.5
Throwing       | |  2.0
Dodging        | |  4.9

Action                   || total
-------------------------++-------
Melee: Trident           ||    74
  Use: Potion            ||     2
 Stab: Sleeping          ||     3
